 Dungeon Crawl Stone Soup version 0.30-a0-390-g80c34de65d (webtiles) character file.

Game seed: 15495528964306935889

98 arthad the Shooter (level 4, -7/28 HPs)
             Began as a Gargoyle Hunter on Dec 4, 2022.
             Killed by divine providence
             ... invoked by an orc priest
              (17 damage)
             ... on level 3 of the Dungeon.
             The game lasted 00:03:10 (1630 turns).

arthad the Shooter (Gargoyle Hunter)                Turns: 1630, Time: 00:03:11

Health: -7/28      AC:  6    Str: 17    XL:     4   Next: 71%
Magic:  4/4        EV: 12    Int:  9    God:
Gold:   56         SH:  0    Dex: 13    Spells: 3/3 levels left

rFire   . . .      SeeInvis .    a - +0 shortbow
rCold   . . .      Faith    .    (shield currently unavailable)
rNeg    + . .      Spirit   .    c - +0 leather armour
rPois   ∞          Reflect  .    (no helmet)
rElec   +          Harm     .    (no cloak)
rCorr   .          Rampage  .    (no gloves)
Will    .....                    (no boots)
Stlth   ++........               (no amulet)
HPRegen 0.24/turn                (no ring)
MPRegen 0.09/turn                (no ring)

@: attractive
A: sickness immunity, AC +3, negative energy resistance 1, electricity
resistance, torment resistance 1, petrification resistance
a: no special abilities


You were on level 3 of the Dungeon.
You visited 1 branch of the dungeon, and saw 3 of its levels.

You collected 56 gold pieces.

Inventory:

Hand Weapons
 a - a +0 shortbow (weapon)
 j - a +0 rapier
 p - a +2 dagger of draining
Armour
 c - a +0 leather armour (worn)
 q - a +0 pair of boots
 r - a +0 tower shield
Jewellery
 h - a ring of willpower
Scrolls
 b - a scroll of immolation
 i - a scroll of amnesia {unknown}
 l - 2 scrolls of silence {unknown}
 n - a scroll of magic mapping {unknown}
 s - a scroll of identify {unknown}
 t - a scroll of noise {unknown}
 w - a scroll of poison {unknown}
Potions
 e - a potion of berserk rage {unknown}
 g - a potion of curing
 k - a potion of heal wounds {unknown}
 m - a potion of haste {unknown}
 o - a potion of might {unknown}
 u - a potion of magic {unknown}
 v - a potion of brilliance {unknown}
 x - a potion of resistance {unknown}


   Skills:
 + Level 3.2 Fighting
 + Level 4.5 Ranged Weapons
 + Level 2.3 Dodging
 + Level 2.8 Stealth


You had 3 spell levels left.
You didn't know any spells.
Your spell library contained the following spells:

 Spells                   Type           Power      Damage    Failure   Level
 Necrotise                Necr           0%         1d4       45%         1
 Vampiric Draining        Necr           0%         2d6       83%         3
 Agony                    Necr           0%         N/A       100%        5


Dungeon Overview and Level Annotations

Branches:
Dungeon (3/15)

Altars:


Innate Abilities, Weirdness & Mutations

You are immune to sickness and miasma.
Your stone body is resilient. (AC +3)
You are immune to poison.
You resist negative energy. (rN+)
You are resistant to electric shocks. (rElec)
You are resistant to unholy torment.
You are immune to petrification.


Message History

An orc priest comes into view. It is wielding a +0 whip.
The orc hits you with a +0 short sword. The quokka barely misses you.
The orc hits you but does no damage.
You shoot an arrow. The orc priest shouts!
The arrow hits the orc!
You kill the orc!
The quokka closely misses you. The orc wizard casts a spell at you.
You are confused.
The quokka barely misses you.
It was a potion of attraction.
You feel attractive to monsters. The quokka misses you.
The orc priest is attracted toward you.
Okay, then.
You are too confused!
It was a potion of curing.
You feel better.
The orc priest hits you but does no damage.
The quokka closely misses you. The orc wizard barely misses you.
You shoot an arrow. The arrow hits the orc wizard.
The orc wizard is moderately wounded.
The quokka closely misses you. The orc wizard barely misses you.
The orc priest calls down the wrath of Beogh upon you.
Pain shoots through your body!
The quokka bites you but does no damage.
You shoot an arrow. The arrow hits the orc wizard.
The orc wizard is heavily wounded.
The orc priest closely misses you. The orc wizard misses you.
The quokka barely misses you.
The orc wizard hits you with a +0 dagger of venom.
The orc priest mumbles some strange prayers to Beogh against you.
Beogh smites you!
Ouch! That really hurt!
This is a scroll of acquirement!
Something appears at your feet!
The quokka bites you but does no damage.
The orc priest invokes the aid of Beogh against you.
Beogh smites you!
Ouch! That really hurt!
You die...

................
...####.########
...........#
...####.##.# ..
###....#
..?##...####.#
....†..o....>#
.#?##)ro####.# #
##o@# #)$# #..#
#..# #... #...
.... .....


You could see an orc priest, an orc wizard, an orc and a quokka.

Vanquished Creatures
  A gnoll (D:1)
  An adder (D:2)
  3 dart slugs
  2 orcs (D:3)
  6 endoplasms
  4 giant cockroaches
  10 goblins
  5 hobgoblins
  7 jackals (D:1)
  3 ball pythons
  6 bats
  7 frilled lizards
  4 kobolds
  8 rats
67 creatures vanquished.

Vanquished Creatures (others)
  A rat (D:3)
1 creature vanquished.

Grand Total: 68 creatures vanquished

Notes
Turn   | Place    | Note
-------+----------+-------------------------------------------
     0 | D:1      | arthad the Gargoyle Hunter began the quest for the Orb.
     0 | D:1      | Reached XP level 1. HP: 12/12 MP: 1/1
    29 | D:1      | Reached XP level 2. HP: 13/18 MP: 2/2
   107 | D:1      | Reached XP level 3. HP: 14/22 MP: 3/3
   756 | D:1      | Reached XP level 4. HP: 28/28 MP: 4/4
  1630 | D:3      | Identified a scroll of acquirement
  1630 | D:3      | Acquired the +1 helmet "Umaaguni" {Will- Regen+ Dex+5
                  | Slay+3 SInv}
  1630 | D:3      | Killed from afar by an orc priest

Illustrated notes

Levels and vault maps discovered:
D:1:      onia_arrival_handbag, layout_loops_ring, minmay_box_of_dots
D:2:      layout_loops_ring
D:3:      layout_basic, elyvilon_altar_4, ebering_ghost_disaster_area,
          chequers_arboretum

Skill      XL: |  1  2  3 |
---------------+----------+-----
Dodging        | 2 |  2.3
Stealth        | 2 |  2.8
Fighting       | 3 |  3.2
Ranged Weapons | |  4.5

Action                   |  1- 3 |  4- 6 || total
-------------------------+-------+-------++-------
 Fire: Shortbow          |   106 |    82 ||   188
  Use: Potion            |       |     2 ||     2
       Scroll            |       |     1 ||     1
Armor: Leather armour    |    42 |    15 ||    57
Dodge: Dodged            |    56 |    34 ||    90

Table legend: (Time is in decaauts)
 A = Elapsed time spent in this place.
 B = Non-inter-level travel time spent in this place.
 C = Inter-level travel time spent in this place.
 D = Time resting spent in this place.
 E = Time spent auto-exploring this place.
 F = Levels seen in this place.
 G = Mean time per level.
                   A        B        C        D        E       F      G
               +--------+--------+--------+--------+--------+-----+--------+
         Total |   1690 |   1604 |     86 |     48 |   1198 |   3 |  563.3 |
       Dungeon |   1690 |   1604 |     86 |     48 |   1198 |   3 |  563.3 |
               +--------+--------+--------+--------+--------+-----+--------+

Top non-repeatable levels by time:
     D:2: 826 daAuts
     D:1: 821 daAuts
     D:3: 42 daAuts
